| TOP OF THE 1ST |
|
Lowell Spinners batting - Pitching for Everett AquaSox : RHP Jose Albarran
|
|
Pitching: RHP Jose Albarran
|
|
|
Batting: RHB Billy Ratz
|
0-0: SINGLE (Groundball, 5S, EV 72.5 MPH) (infield hit)
|
|
Batting: LHB Tony Rivera
|
0-0: Ball 1-0: Called Strike 1-1: Ball 2-1: Ball 3-1: Foul Ball, location: 2F 3-2: Base on Balls Billy Ratz to second
|
|
Batting: LHB Noel Young
|
0-0: Called Strike 0-1: Fly out, F9 (Line Drive, 9, EV 101.9 MPH)
|
|
Batting: RHB Tommy Boudreaux
|
0-0: Fly out, F8 (Flyball, 8LD, EV 93.8 MPH)
|
|
Batting: LHB Danny Montoya
|
0-0: Ground out 4-3 (Groundball, 4, EV 107.5 MPH)
|
| Top of the 1st over - 0 runs, 1 hit, 0 errors, 2 left on base; Lowell 0 - Everett 0 |
| BOTTOM OF THE 1ST |
|
Everett AquaSox batting - Pitching for Lowell Spinners : RHP Mike Schroeder
|
|
Pitching: RHP Mike Schroeder
|
|
|
Batting: SHB Detlef Oursler
|
0-0: Called Strike 0-1: Foul Ball, location: 2F 0-2: Strikes out swinging
|
|
Batting: LHB Kenny Gerrity
|
0-0: Ground out 4-3 (Groundball, 4, EV 78.8 MPH)
|
|
Batting: RHB Hideo Okimura
|
0-0: Ball 1-0: SINGLE (Line Drive, 8RS, EV 99.4 MPH)
|
|
Batting: RHB Robby Cuellar
|
0-0: Ball Wild Pitch! Hideo Okimura to second 1-0: Called Strike 1-1: Swinging Strike 1-2: Strikes out swinging
|
| Bottom of the 1st over - 0 runs, 1 hit, 0 errors, 1 left on base; Lowell 0 - Everett 0 |
| TOP OF THE 2ND |
|
Lowell Spinners batting - Pitching for Everett AquaSox : RHP Jose Albarran
|
|
Batting: RHB Joel Vazquez
|
0-0: Ball 1-0: Called Strike 1-1: Swinging Strike 1-2: Strikes out swinging
|
|
Batting: RHB Josh Helman
|
0-0: Swinging Strike 0-1: Called Strike 0-2: Ball 1-2: Foul Ball, location: 2F 1-2: Foul Ball, location: 2F 1-2: Ground out 6-3 (Groundball, 6MD, EV 88.8 MPH)
|
|
Batting: RHB Bobby Schimke
|
0-0: Ball 1-0: Called Strike 1-1: Foul Ball, location: 2F 1-2: Ball 2-2: Ball 3-2: Base on Balls
|
|
Batting: RHB Jose Conde
|
0-0: Fly out, F7 (Flyball, 78M, EV 89.4 MPH)
|
| Top of the 2nd over - 0 runs, 0 hits, 0 errors, 1 left on base; Lowell 0 - Everett 0 |
| BOTTOM OF THE 2ND |
|
Everett AquaSox batting - Pitching for Lowell Spinners : RHP Mike Schroeder
|
|
Batting: RHB John Peterson
|
0-0: Ball 1-0: SINGLE (Groundball, 56D, EV 100.6 MPH)
|
|
Batting: LHB Ryan Rothenbach
|
0-0: Ball 1-0: Ball 2-0: Called Strike 2-1: Ball John Peterson steals 2nd base 3-1: Called Strike 3-2: Base on Balls
|
|
Batting: RHB Clay Statum
|
0-0: Ball 1-0: Foul Ball, location: 2F 1-1: Ball 2-1: Called Strike 2-2: Foul Ball, location: 2F 2-2: Fly out, F2 (Popup, 23F, EV 88.1 MPH)
|
|
Batting: SHB Ryan Clark
|
0-0: Swinging Strike 0-1: Swinging Strike 0-2: Ball 1-2: Strikes out looking
|
|
Batting: RHB Omar Solis
|
0-0: Ground out 5-3 (Groundball, 56S, EV 83.8 MPH)
|
| Bottom of the 2nd over - 0 runs, 1 hit, 0 errors, 2 left on base; Lowell 0 - Everett 0 |
| TOP OF THE 3RD |
|
Lowell Spinners batting - Pitching for Everett AquaSox : RHP Jose Albarran
|
|
Batting: RHB Billy Ratz
|
0-0: Ball 1-0: Swinging Strike 1-1: Ball 2-1: Ground out 6-3 (Groundball, 6M, EV 101.9 MPH)
|
|
Batting: LHB Tony Rivera
|
0-0: Called Strike 0-1: Swinging Strike 0-2: Strikes out swinging
|
|
Batting: LHB Noel Young
|
0-0: Foul Ball, location: 2F 0-1: Fly out, F6 (Popup, 4MS, EV 73.8 MPH)
|
| Top of the 3rd over - 0 runs, 0 hits, 0 errors, 0 left on base; Lowell 0 - Everett 0 |
| BOTTOM OF THE 3RD |
|
Everett AquaSox batting - Pitching for Lowell Spinners : RHP Mike Schroeder
|
|
Batting: SHB Detlef Oursler
|
0-0: Called Strike 0-1: Ball 1-1: Called Strike 1-2: Ground out 1-3 (Groundball, 23, EV 67.5 MPH)
|
|
Batting: LHB Kenny Gerrity
|
0-0: Ball 1-0: Called Strike 1-1: Ball 2-1: SINGLE (Groundball, 6MD, EV 102.5 MPH)
|
|
Batting: RHB Hideo Okimura
|
0-0: Ball 1-0: Foul Ball, location: 2F 1-1: 2-RUN HOME RUN (Flyball, 7D, EV 99.4 MPH), Distance : 373 ft
|
|
Batting: RHB Robby Cuellar
|
0-0: Ground out 5-3 (Groundball, 56S, EV 83.1 MPH)
|
|
Batting: RHB John Peterson
|
0-0: Foul Ball, location: 2F 0-1: Ball 1-1: Swinging Strike 1-2: Ball 2-2: Foul Ball, location: 2F 2-2: Strikes out looking
|
| Bottom of the 3rd over - 2 runs, 2 hits, 0 errors, 0 left on base; Lowell 0 - Everett 2 |
| TOP OF THE 4TH |
|
Lowell Spinners batting - Pitching for Everett AquaSox : RHP Jose Albarran
|
|
Batting: RHB Tommy Boudreaux
|
0-0: Called Strike 0-1: Ball 1-1: Called Strike 1-2: DOUBLE (Groundball, 5L, EV 102.5 MPH)
|
|
Batting: LHB Danny Montoya
|
0-0: Ball 1-0: Ball 2-0: Ball 3-0: Base on Balls
|
|
Batting: RHB Joel Vazquez
|
0-0: Called Strike 0-1: Ball 1-1: Ball 2-1: Fielders Choice at 2nd, 3-6 (Groundball, 34, EV 80.6 MPH) Tommy Boudreaux to third
|
|
Batting: RHB Josh Helman
|
0-0: Ball 1-0: Foul Ball, location: 2F 1-1: Foul Ball, location: 2F 1-2: SINGLE (Line Drive, 5D, EV 99.4 MPH) Tommy Boudreaux scores Joel Vazquez to second
|
|
Batting: RHB Bobby Schimke
|
0-0: Ball 1-0: Called Strike 1-1: Ball 2-1: Ball 3-1: Foul Ball, location: 2F 3-2: Foul Ball, location: 2F 3-2: Fly out, F9 (Line Drive, 9, EV 102.5 MPH)
|
|
Batting: RHB Jose Conde
|
0-0: Ball Wild Pitch! Joel Vazquez to third Josh Helman to second 1-0: Swinging Strike 1-1: Foul Ball, location: 2F 1-2: Ball 2-2: Strikes out swinging
|
| Top of the 4th over - 1 run, 2 hits, 0 errors, 2 left on base; Lowell 1 - Everett 2 |
| BOTTOM OF THE 4TH |
|
Everett AquaSox batting - Pitching for Lowell Spinners : RHP Mike Schroeder
|
|
Batting: LHB Ryan Rothenbach
|
0-0: Called Strike 0-1: Ball 1-1: Ball 2-1: Ball 3-1: Base on Balls
|
|
Batting: RHB Clay Statum
|
0-0: Called Strike 0-1: Grounds into double play, 4-6-3 (Groundball, 4, EV 83.8 MPH)
|
|
Batting: SHB Ryan Clark
|
0-0: Ball 1-0: Ball 2-0: Foul Ball, location: 2F 2-1: Ball 3-1: Called Strike 3-2: Base on Balls
|
|
Batting: RHB Omar Solis
|
0-0: Called Strike 0-1: Ball 1-1: Foul Ball, location: 2F 1-2: Ball 2-2: Foul Ball, location: 2F 2-2: Ground out 6-3 (Groundball, 6MS, EV 90.0 MPH)
|
| Bottom of the 4th over - 0 runs, 0 hits, 0 errors, 1 left on base; Lowell 1 - Everett 2 |
| TOP OF THE 5TH |
|
Lowell Spinners batting - Pitching for Everett AquaSox : RHP Jose Albarran
|
|
Batting: RHB Billy Ratz
|
0-0: Ground out 4-3 (Groundball, 4, EV 105.6 MPH)
|
|
Batting: LHB Tony Rivera
|
0-0: Ball 1-0: Ball 2-0: Called Strike 2-1: Called Strike 2-2: Foul Ball, location: 2F 2-2: Ball 3-2: Ground out 5-3 (Groundball, 56, EV 78.8 MPH)
|
|
Batting: LHB Noel Young
|
0-0: Called Strike 0-1: Foul Ball, location: 2F 0-2: Foul Ball, location: 2F 0-2: DOUBLE (Flyball, 8LXD, EV 100.0 MPH)
|
|
Pitching: RHP Jason Childress
|
|
|
Batting: RHB Tommy Boudreaux
|
0-0: Fly out, F8 (Line Drive, 8LD, EV 87.5 MPH)
|
| Top of the 5th over - 0 runs, 1 hit, 0 errors, 1 left on base; Lowell 1 - Everett 2 |
| BOTTOM OF THE 5TH |
|
Everett AquaSox batting - Pitching for Lowell Spinners : RHP Mike Schroeder
|
|
Batting: SHB Detlef Oursler
|
0-0: Ball 1-0: Called Strike 1-1: Foul Ball, location: 2F 1-2: Ball 2-2: Ground out 6-3 (Groundball, 6MS, EV 86.2 MPH)
|
|
Batting: LHB Kenny Gerrity
|
0-0: Foul Ball, location: 2F 0-1: Swinging Strike 0-2: Ball 1-2: Foul Ball, location: 2F 1-2: SOLO HOME RUN (Flyball, 9D, EV 99.4 MPH), Distance : 355 ft
|
|
Batting: RHB Hideo Okimura
|
0-0: Ball 1-0: Ball 2-0: Ball 3-0: Called Strike 3-1: Swinging Strike 3-2: Foul Ball, location: 2F 3-2: Foul Ball, location: 2F 3-2: Foul Ball, location: 2F 3-2: Strikes out looking
|
|
Batting: RHB Robby Cuellar
|
0-0: Ball 1-0: Ball 2-0: Ground out 4-3 (Groundball, 4M, EV 101.2 MPH)
|
| Bottom of the 5th over - 1 run, 1 hit, 0 errors, 0 left on base; Lowell 1 - Everett 3 |
| TOP OF THE 6TH |
|
Lowell Spinners batting - Pitching for Everett AquaSox : RHP Jason Childress
|
|
Batting: LHB Danny Montoya
|
0-0: Ball 1-0: Ground out U3 (Groundball, 34S, EV 84.4 MPH)
|
|
Batting: RHB Joel Vazquez
|
0-0: Ball 1-0: Called Strike 1-1: SINGLE (Flyball, 6MD, EV 91.9 MPH)
|
|
Batting: RHB Josh Helman
|
0-0: Swinging Strike 0-1: Ball 1-1: Ball 2-1: Called Strike 2-2: Foul Ball, location: 2F 2-2: Ball 3-2: SINGLE (Line Drive, 6M, EV 106.9 MPH) Joel Vazquez to second
|
|
Batting: RHB Bobby Schimke
|
0-0: Ball 1-0: Grounds into double play, 6-4-3 (Groundball, 6MD, EV 83.8 MPH)
|
| Top of the 6th over - 0 runs, 2 hits, 0 errors, 1 left on base; Lowell 1 - Everett 3 |
| BOTTOM OF THE 6TH |
|
Everett AquaSox batting - Pitching for Lowell Spinners : RHP Mike Schroeder
|
|
Pitching: RHP Jeremy Seitz
|
|
|
Batting: RHB John Peterson
|
0-0: Ball 1-0: Fly out, F8 (Flyball, 89D, EV 104.4 MPH)
|
|
Batting: LHB Ryan Rothenbach
|
0-0: Foul Ball, location: 2F 0-1: Ball 1-1: SINGLE (Line Drive, 8RS, EV 91.9 MPH)
|
|
Batting: RHB Clay Statum
|
0-0: Hit by Pitch Ryan Rothenbach to second
|
|
Batting: SHB Ryan Clark
|
0-0: Swinging Strike 0-1: Ball 1-1: Foul Ball, location: 2F 1-2: Ball 2-2: Ball 3-2: Strikes out swinging
|
|
Batting: RHB Omar Solis
|
0-0: Ball 1-0: Swinging Strike 1-1: Ball Wild Pitch! Ryan Rothenbach to third Clay Statum to second 2-1: Ball 3-1: Foul Ball, location: 2F 3-2: Base on Balls
|
|
Batting: SHB Detlef Oursler
|
0-0: Called Strike 0-1: Ball 1-1: Ball 2-1: Ball 3-1: Foul Ball, location: 2F 3-2: Strikes out swinging
|
| Bottom of the 6th over - 0 runs, 1 hit, 0 errors, 3 left on base; Lowell 1 - Everett 3 |
| TOP OF THE 7TH |
|
Lowell Spinners batting - Pitching for Everett AquaSox : RHP Jason Childress
|
|
Pitching: RHP Jace Daniels
|
|
|
Pinch Hitting: RHB Josh Graham
|
0-0: Ball 1-0: Ball 2-0: Ball 3-0: Base on Balls
|
|
Batting: RHB Billy Ratz
|
0-0: Ball 1-0: Fielders Choice at 2nd, 6-4 (Groundball, 6MD, EV 87.5 MPH)
|
|
Batting: LHB Tony Rivera
|
0-0: Ball 1-0: Fielders Choice at 2nd, 4-6 (Groundball, 4, EV 81.9 MPH)
|
|
Batting: LHB Noel Young
|
0-0: Ball Tony Rivera steals 2nd base 1-0: Foul Ball, location: 2F 1-1: Called Strike 1-2: Ball 2-2: Foul Ball, location: 2F 2-2: Strikes out looking
|
| Top of the 7th over - 0 runs, 0 hits, 0 errors, 1 left on base; Lowell 1 - Everett 3 |
| BOTTOM OF THE 7TH |
|
Everett AquaSox batting - Pitching for Lowell Spinners : RHP Jeremy Seitz
|
|
Pitching: LHP Israel Serrano
|
|
|
Now at SS: Nick Cottrell
|
|
|
Batting: LHB Kenny Gerrity
|
0-0: Fly out, F7 (Flyball, 7LM, EV 93.8 MPH)
|
|
Pitching: RHP Matthew Baird
|
|
|
Batting: RHB Hideo Okimura
|
0-0: Ball 1-0: Foul Ball, location: 2F 1-1: Foul Ball, location: 2F 1-2: Strikes out swinging
|
|
Batting: RHB Robby Cuellar
|
0-0: Ball 1-0: Ball 2-0: Ball 3-0: Base on Balls
|
|
Batting: RHB John Peterson
|
0-0: Ball 1-0: Foul Ball, location: 2F 1-1: Ball 2-1: Ball 3-1: SINGLE (Line Drive, 8RS, EV 93.8 MPH) Robby Cuellar to second Runner from 2nd tries for 3rd, SAFE, no throw by CF
|
|
Batting: LHB Ryan Rothenbach
|
0-0: Foul Ball, location: 2F 0-1: Ball 1-1: Ball 2-1: Swinging Strike 2-2: Foul Ball, location: 2F 2-2: Foul Ball, location: 2F 2-2: Strikes out swinging
|
| Bottom of the 7th over - 0 runs, 1 hit, 0 errors, 2 left on base; Lowell 1 - Everett 3 |
| TOP OF THE 8TH |
|
Lowell Spinners batting - Pitching for Everett AquaSox : RHP Jace Daniels
|
|
Pitching: RHP Willie Sanchez
|
|
|
Batting: RHB Tommy Boudreaux
|
0-0: Swinging Strike 0-1: Ball 1-1: Foul Ball, location: 2F 1-2: Strikes out swinging
|
|
Batting: LHB Danny Montoya
|
0-0: Called Strike 0-1: Swinging Strike 0-2: Ball 1-2: Ball 2-2: Foul Ball, location: 2F 2-2: Foul Ball, location: 2F 2-2: Ball 3-2: Foul Ball, location: 2F 3-2: Ground out U3 (Groundball, 3, EV 90.0 MPH)
|
|
Batting: RHB Joel Vazquez
|
0-0: Called Strike 0-1: Ball 1-1: Foul Ball, location: 2F 1-2: Ball 2-2: Strikes out swinging
|
| Top of the 8th over - 0 runs, 0 hits, 0 errors, 0 left on base; Lowell 1 - Everett 3 |
| BOTTOM OF THE 8TH |
|
Everett AquaSox batting - Pitching for Lowell Spinners : RHP Matthew Baird
|
|
Batting: RHB Clay Statum
|
0-0: Called Strike 0-1: Ball 1-1: Called Strike 1-2: Strikes out swinging
|
|
Batting: SHB Ryan Clark
|
0-0: Foul Ball, location: 2F 0-1: Called Strike 0-2: Strikes out looking
|
|
Batting: RHB Omar Solis
|
0-0: Ground out 5-3 (Groundball, 56S, EV 91.2 MPH)
|
| Bottom of the 8th over - 0 runs, 0 hits, 0 errors, 0 left on base; Lowell 1 - Everett 3 |
| TOP OF THE 9TH |
|
Lowell Spinners batting - Pitching for Everett AquaSox : RHP Willie Sanchez
|
|
Now at 1B: David Walker
|
|
|
Now in CF: Raghnall Ahearne
|
|
|
Now in RF: Ryan Rothenbach
|
|
|
Batting: RHB Josh Helman
|
0-0: Called Strike 0-1: Ball 1-1: Ball 2-1: Ball 3-1: Foul Ball, location: 2F 3-2: Foul Ball, location: 2F 3-2: Strikes out looking
|
|
Batting: RHB Bobby Schimke
|
0-0: Ball 1-0: Fly out, F7 (Line Drive, 7, EV 105.6 MPH)
|
|
Batting: RHB Nick Cottrell
|
0-0: Ground out 6-3 (Groundball, 6, EV 88.8 MPH)
|
| Top of the 9th over - 0 runs, 0 hits, 0 errors, 0 left on base; Lowell 1 - Everett 3 |
|